 Dungeon Crawl Stone Soup version 0.21.1-1-g345015f (webtiles) character file.

32 inc the Scratcher (level 3, 15/15 HPs)
             Began as a Felid Transmuter on Mar 13, 2018.
             Quit the game on level 3 of the Dungeon.
             The game lasted 00:02:53 (2323 turns).

inc the Scratcher (Felid Transmuter)                Turns: 2323, Time: 00:02:53

Health: 15/15      AC:  1    Str:  6    XL:     3   Next: 8%
Magic:  7/7        EV: 18    Int: 14    God:
Gold:   39         SH:  0    Dex: 17    Spells: 5/6 levels left
                                        Lives:  0   Deaths: 1

rFire    . . .     SeeInvis +     - Unarmed
rCold    . . .     Gourm    .   (shield unavailable)
rNeg     . . .     Faith    .   (armour unavailable)
rPois    .         Spirit   .   (helmet unavailable)
rElec    .         Reflect  .   (cloak unavailable)
rCorr    .         Harm     .   (gloves unavailable)
MR       .....                  (boots unavailable)
Stlth    ++........             (no amulet)
HPRegen  0.05/turn              (no ring)
MPRegen  0.10/turn              (no ring)

@: quick
A: very small, no armour, no weapons or thrown items, stealth, claws 1, fangs 3,
see invisible, carnivore, speed 1, shaggy fur 1, slow metabolism 1, sharp paws
a: no special abilities


You were on level 3 of the Dungeon.
You were not hungry.

You visited 1 branch of the dungeon, and saw 3 of its levels.

You collected 39 gold pieces.

Inventory:

Missiles
 a - 52 arrows
Jewellery
 e - an uncursed ring of magical power {unknown}
Scrolls
 g - a scroll of fear {unknown}
 i - a scroll of enchant armour {unknown}
 j - a scroll of identify {unknown}
 l - 2 scrolls of enchant weapon {unknown}
Potions
 d - a potion of resistance
 h - a potion of magic {unknown}
 k - a potion of degeneration {unknown}
 m - a potion of ambrosia {unknown}
Books
 b - a book of Changes

   Spells                             Type                      Level
   a - Beastly Appendage              Transmutation                1
   b - Sticks to Snakes               Transmutation                2
   c - Spider Form                    Transmutation/Poison         3
   d - Ice Form                       Ice/Transmutation            4
   e - Blade Hands                    Transmutation                5
Comestibles
 c - 5 rations


   Skills:
 - Level 1.0 Fighting
 - Level 2.6 Dodging
 + Level 5.0 Unarmed Combat
 - Level 2.0 Spellcasting
 - Level 2.1 Transmutations


You had 5 spell levels left.
You knew the following spells:

 Your Spells              Type           Power        Failure   Level  Hunger
a - Beastly Appendage     Tmut           #.....       10%         1    ##.....


Dungeon Overview and Level Annotations

Branches:
Dungeon (3/15)

Altars:
Fedhas
Kikubaaqudgha
Uskayaw
The Shining One


Innate Abilities, Weirdness & Mutations

You cannot wear armour.
You are incapable of wielding weapons or throwing items.
Your paws allow you to move quietly. (Stealth)
You have sharp claws.
You have razor-sharp teeth.
You have supernaturally acute eyesight. (SInv)
You are carnivorous and can eat meat at any time.
You cover ground quickly.
You are covered in fur. (AC +1)
You have a slow metabolism.
Your sharp claws are effective at attacking unaware monsters.


Message History

You scratch the adder but do no damage.
The adder is lightly wounded.
The adder completely misses you.
You miss the adder. You bite the adder.
The adder is moderately wounded.
The adder bites you.
You are lethally poisoned!
The adder poisons you!
You barely miss the adder.
The adder is moderately wounded.
* * * LOW HITPOINT WARNING * * *
You feel sick. The adder bites you.
You die...
Your shape twists and changes as you die.
You are now level 3!
Your horns disappear.
You rejoin the land of the living...
Found a chain mail.
Unknown command.
Are you sure you want to abandon this character and quit the game? (Confirm with "yes".)

# .#
#.#
###.#
#.@#
#.#.#
#.
#.#
#. [#
#. #
#. ..
#.


There were no monsters in sight!

Vanquished Creatures
  3 adders (D:2)
  3 dart slugs
  A leopard gecko (D:3)
  2 giant cockroaches
  6 goblins
  4 hobgoblins
  A quokka (D:2)
  2 ball pythons
  8 bats
  5 frilled lizards
  6 kobolds
  2 rats (D:2)
43 creatures vanquished.

Notes
Turn   | Place    | Note
-------+----------+-------------------------------------------
     0 | D:1      | inc the Felid Transmuter began the quest for the Orb.
     0 | D:1      | Reached XP level 1. HP: 9/9 MP: 4/4
   853 | D:1      | Reached XP level 2. HP: 9/12 MP: 6/6
  1274 | D:2      | Reached skill level 4 in Unarmed Combat
  1399 | D:2      | Reached XP level 3. HP: 15/15 MP: 7/7
  1442 | D:2      | Found an ancient bone altar of Kikubaaqudgha.
  1443 | D:2      | Found a blossoming altar of Fedhas.
  1467 | D:2      | Found a glowing golden altar of the Shining One.
  1808 | D:2      | Found a hide-covered altar of Uskayaw.
  2237 | D:3      | Reached XP level 4. HP: 16/19 MP: 8/8
  2255 | D:3      | Reached skill level 5 in Unarmed Combat
  2322 | D:3      | Slain by an adder
  2323 | D:3      | Reached XP level 3. HP: 0/15 MP: 7/7
  2323 | D:3      | Quit the game

Skill      XL: |  1  2  3  4 |
---------------+-------------+-----
Unarmed Combat | 4 5 |  5.0
Fighting       | |  1.0
Dodging        | |  2.6
Spellcasting   | |  2.0
Transmutations | |  2.1

Action                   |  1- 3 |  4- 6 || total
-------------------------+-------+-------++-------
Melee: Unarmed           |   130 |    23 ||   153
       Bite              |     5 |     4 ||     9
       Punch             |     1 |       ||     1
 Cast: Beastly Appendage |       |     1 ||     1
  Use: Potion            |       |     4 ||     4
 Stab: Sleeping          |     8 |     1 ||     9
  Eat: Chunk             |     2 |       ||     2
Armor: Skin              |     7 |     1 ||     8
Dodge: Dodged            |   115 |    16 ||   131
